 Dungeon Crawl Stone Soup version 0.21.1-1-g345015fe64 (webtiles) character file.

492 Brobocop the Basher (level 6, -19/78 HPs)
             Began as a Minotaur Berserker on June 2, 2018.
             Was a Priest of Trog.
             Demolished by an ogre
             ... wielding a +0 giant club
              (27 damage)
             ... on level 5 of the Dungeon.
             The game lasted 00:19:20 (3441 turns).

Brobocop the Basher (Minotaur Berserker)            Turns: 3441, Time: 00:19:21

Health: -19/78     AC: 10    Str: 29    XL:     6   Next: 91%
Magic:  5/5        EV:  9    Int:  4    God:    Trog [***...]
Gold:   206        SH:  0    Dex:  9    Spells: 5/5 levels left

rFire    + . .     SeeInvis .   u - +0 flail
rCold    . . .     Gourm    .   (no shield)
rNeg     . . .     Faith    .   q - +0 chain mail
rPois    .         Spirit   .   (helmet restricted)
rElec    .         Reflect  .   (no cloak)
rCorr    .         Harm     .   (no gloves)
MR       .....                  p - +0 pair of boots
Stlth    ..........             (no amulet)
HPRegen  0.23/turn              f - ring of wizardry
MPRegen  0.09/turn              r - ring of protection from fire

@: berserking, very quick
A: retaliatory headbutt, horns 2
a: Berserk, Trog's Hand, Burn Spellbooks, Renounce Religion


You were on level 5 of the Dungeon.
You worshipped Trog.
Trog was most pleased with you.
You were not hungry.

You visited 2 branches of the dungeon, and saw 6 of its levels.

You collected 206 gold pieces.

Inventory:

Hand Weapons
 a - a +0 mace
 t - a +0 giant spiked club
 u - a +0 flail (weapon)
 y - a +1 mace of holy wrath
 z - a +2 quarterstaff of chaos
Armour
 b - a +0 animal skin
 g - a +0 helmet
 p - a +0 pair of boots (worn)
 q - a +0 chain mail (worn)
Jewellery
 f - a ring of wizardry (left hand)
 r - a ring of protection from fire (right hand)
Wands
 o - a wand of random effects (23)
 v - a wand of clouds (2)
 w - a wand of acid (5)
Scrolls
 d - 4 scrolls of remove curse {unknown}
 e - a scroll of blinking {unknown}
 h - 6 scrolls of immolation {unknown}
 i - 2 scrolls of teleportation {unknown}
 k - 2 scrolls of enchant armour {unknown}
 l - a scroll of magic mapping {unknown}
 n - a scroll of random uselessness {unknown}
 s - a scroll of identify {unknown}
 x - a scroll of enchant weapon {unknown}
Potions
 j - 3 potions of heal wounds {unknown}
 m - a potion of curing {unknown}
Comestibles
 c - 3 rations


   Skills:
 + Level 4.0 Fighting
 * Level 8.8 Maces & Flails
 + Level 3.7 Armour
 - Level 2.2 Dodging


You had 5 spell levels left.
You didn't know any spells.

Dungeon Overview and Level Annotations

Branches:
Dungeon (5/15)             Temple (1/1) D:4

Altars:
Ashenzari
Cheibriados
Dithmenos
Elyvilon
Fedhas
Gozag
Hepliaklqana
Kikubaaqudgha
Makhleb
Nemelex Xobeh
Okawaru
Trog
Uskayaw
Wu Jian
Yredelemnul
Zin
The Shining One


Innate Abilities, Weirdness & Mutations

You reflexively headbutt those who attack you in melee.
You have a pair of horns on your head.


Message History

You barely miss the ogre.
The ogre is moderately wounded.
The ogre barely misses you.
You hit the ogre. Your headbutt misses the ogre.
The ogre is heavily wounded.
The ogre hits you with a giant club!
You completely miss the ogre.
You headbutt the ogre, but do no damage.
The ogre is heavily wounded.
The ogre hits you with a giant club!
You hit the ogre.
The ogre is heavily wounded.
A red film seems to cover your vision as you go berserk!
You feel yourself moving faster!
You feel mighty!
You feel quite a bit more hungry. The ogre hits you with a giant club!!
* * * LOW HITPOINT WARNING * * *
You barely miss the ogre.
The ogre is heavily wounded.
The ogre hits you with a giant club!!
You die...

.≈. .. ≈. .#
##. .# #.#
... ##.##..
..# .....
... #..##.#
#.<...#
##...###
#..@## #.#O#
#.... ...$..
!.......
#.........
#..........
#...........


You could see an ogre.

Vanquished Creatures
  2 ogres (D:4)
  An orc wizard (D:4)
  Crazy Yiuf (D:4)
  Jessica (D:2)
  Terence (D:2)
  2 worker ants (D:4)
  Robin (D:4)
  5 adders
  A shadow imp (D:4)
  2 oozes
  2 dart slugs
  8 orcs (D:4)
  2 ball pythons (D:3)
  5 giant cockroaches
  13 goblins
  14 hobgoblins
  6 jackals
  8 bats
  6 frilled lizards
  A kobold (D:2)
  5 rats
87 creatures vanquished.

Vanquished Creatures (others)
  4 toadstools (D:1)
4 creatures vanquished.

Grand Total: 91 creatures vanquished

Notes
Turn   | Place    | Note
-------+----------+-------------------------------------------
     0 | D:1      | Brobocop the Minotaur Berserker began the quest for the Orb.
     0 | D:1      | Reached XP level 1. HP: 19/19 MP: 0/0
   207 | D:1      | Reached skill level 4 in Maces & Flails
   421 | D:1      | Reached XP level 2. HP: 27/27 MP: 1/1
   871 | D:2      | Reached ** piety under Trog
   889 | D:2      | Reached XP level 3. HP: 29/33 MP: 2/2
   890 | D:2      | Reached skill level 5 in Maces & Flails
  1061 | D:2      | Noticed Terence
  1069 | D:2      | Killed Terence
  1347 | D:2      | Noticed Jessica
  1360 | D:2      | Killed Jessica
  1360 | D:2      | Reached skill level 6 in Maces & Flails
  1360 | D:2      | Reached XP level 4. HP: 27/40 MP: 3/3
  2309 | D:3      | Reached XP level 5. HP: 44/46 MP: 4/4
  2363 | D:4      | Noticed Robin
  2391 | D:4      | Killed Robin
  2391 | D:4      | Reached skill level 7 in Maces & Flails
  2522 | D:4      | Found a staircase to the Ecumenical Temple.
  2546 | Temple   | Entered the Ecumenical Temple
  2787 | D:4      | Reached *** piety under Trog
  2994 | D:4      | Noticed an ogre
  2999 | D:4      | Killed an ogre
  2999 | D:4      | Reached XP level 6. HP: 52/52 MP: 5/5
  3143 | D:4      | Reached skill level 8 in Maces & Flails
  3279 | D:4      | Found an iron altar of Okawaru.
  3342 | D:4      | Found a runed door.
  3346 | D:4      | Noticed Crazy Yiuf
  3350 | D:4      | Killed Crazy Yiuf
  3431 | D:5      | Entered Level 5 of the Dungeon
  3441 | D:5      | Demolished by an ogre

Skill      XL: |  1  2  3  4  5  6 |
---------------+-------------------+-----
Maces & Flails | 4 6 7 8 |  8.8
Armour         | 3 |  3.7
Fighting       | 4 |  4.0
Dodging        | |  2.2

Action                   |  1- 3 |  4- 6 || total
-------------------------+-------+-------++-------
Melee: Mace              |    83 |    59 ||   142
       Headbutt          |     6 |    19 ||    25
       Flail             |       |    51 ||    51
Invok: Berserk           |     2 |     5 ||     7
  Eat: Ration            |     1 |     2 ||     3
       Chunk             |       |     5 ||     5
Armor: Animal skin       |    27 |     7 ||    34
       Chain mail        |       |    35 ||    35
Dodge: Dodged            |    62 |    60 ||   122
